 Dungeon Crawl Stone Soup version 0.21-a0-394-gdc75ea7 (webtiles) character file.

98 Kavrick the Insei (level 4, -8/29 HPs)
             Began as an Octopode Transmuter on Oct 18, 2017.
             Killed from afar by an orc wizard (11 damage)
             ... with a magic dart
             ... on level 3 of the Dungeon.
             The game lasted 00:04:05 (2412 turns).

Kavrick the Insei (Octopode Transmuter)             Turns: 2412, Time: 00:04:06

Health: -8/29      AC:  1    Str: 10    XL:     4   Next: 71%
Magic:  7/7        EV: 13    Int: 15    God:
Gold:   159        SH:  0    Dex: 12    Spells: 6/7 levels left

rFire    . . .     SeeInvis .     - Unarmed
rCold    . . .     Gourm    .   (no shield)
rNeg     . . .     Faith    .   (helmet restricted)
rPois    .         Spirit   .   (no amulet)
rElec    .         Reflect  .   (no ring)
rCorr    .         Harm     .   (no ring)
MR       .....                  (no ring)
Stlth    ++........             (no ring)
HPRegen  0.09/turn              (no ring)
MPRegen  0.10/turn              (no ring)
                                (no ring)
                                (no ring)

@: no status effects
A: almost no armour, stealthy swim, amphibious, 8 rings, constrict 8, camouflage
1, gelatinous body 1
a: no special abilities


You were on level 3 of the Dungeon.
You were near starving.

You visited 1 branch of the dungeon, and saw 3 of its levels.

You collected 159 gold pieces.

Inventory:

Missiles
 a - 24 arrows
Jewellery
 q - an uncursed ring of protection from magic {unknown}
Scrolls
 d - 2 scrolls of amnesia {unknown}
 e - a scroll of teleportation {unknown}
 f - a scroll of recharging {unknown}
 i - a scroll of immolation {unknown}
 j - 2 scrolls of remove curse {unknown}
 l - a scroll of enchant armour {unknown}
 r - a scroll of blinking {unknown}
Potions
 h - 2 potions of haste {unknown}
 k - a potion of curing {unknown}
 m - a potion of lignification {unknown}
 n - a potion of might {unknown}
 o - a potion of magic {unknown}
Books
 b - a book of Changes

   Spells                             Type                      Level
   a - Beastly Appendage              Transmutation                1
   b - Sticks to Snakes               Transmutation                2
   c - Spider Form                    Transmutation/Poison         3
   d - Ice Form                       Ice/Transmutation            4
   e - Blade Hands                    Transmutation                5
Comestibles
 c - 5 bread rations
 g - 3 meat rations
 s - a royal jelly


   Skills:
 + Level 1.7 Fighting
 + Level 2.4 Dodging
 * Level 3.8 Unarmed Combat
 + Level 2.4 Spellcasting
 * Level 3.0 Transmutations


You had 6 spell levels left.
You knew the following spells:

 Your Spells              Type           Power        Failure   Level  Hunger
a - Beastly Appendage     Tmut           ##....       6%          1    #......


Dungeon Overview and Level Annotations

Branches:
Dungeon (3/15)

Altars:
Fedhas


Innate Abilities, Weirdness & Mutations

You cannot wear most types of armour.
You are very stealthy in the water. (Stealth+)
You are amphibious.
You can wear up to eight rings at the same time.
You can use your tentacles to constrict eight enemies at once.
Your skin changes colour to match your surroundings (Stealth+).
Your rubbery body absorbs attacks. (AC +1, EV +1)


Message History

The orc wizard points at you and mumbles some strange words.
You are confused.
You bump into the rock wall.
The orc wizard hits you with a dagger.
The orc wizard gestures at you while chanting.
The magic dart hits you!
Your tentacle spike disappears.
You bump into the rock wall.
The orc wizard hits you with a dagger.
You tentacle-slap the orc wizard but do no damage.
The orc wizard is heavily wounded.
The orc wizard hits you with a dagger.
* * * LOW HITPOINT WARNING * * *
You barely miss the orc wizard.
The orc wizard is heavily wounded.
The orc wizard hits you with a dagger.
* * * LOW HITPOINT WARNING * * *
You're too confused to move!
You feel less confused.
The orc wizard points at you and mumbles some strange words.
The magic dart hits you!
You die...

.#.#.....# ##.##
#......... .#.#.....#
#..# #.........
..>#.....# #..#
#......... ##########
#..# #......... # #..###
#......... .8## #....#
##......... ..###
#[##.####..........
.._#.##o##.#.............
..##....@...............#
.8####..##.#.....#.....##
#...##.#.....#######
###.#)##.#.....#
#......<.......#
#..##.##.#.....# #.#
#.##.#.....# #.
.....#.....# .
.#.##.#.....#


You could see an orc wizard.

Vanquished Creatures
  An iguana (D:3)
  An adder (D:2)
  2 worms (D:2)
  3 dart slugs
  4 leopard geckos
  2 orcs
  2 giant cockroaches
  9 goblins
  4 hobgoblins
  3 kobolds
  A ball python (D:1)
  3 bats
  2 frilled lizards
  8 rats
45 creatures vanquished.

Notes
Turn   | Place    | Note
-------+----------+-------------------------------------------
     0 | D:1      | Kavrick the Octopode Transmuter began the quest for the Orb.
     0 | D:1      | Reached XP level 1. HP: 13/13 MP: 3/3
   150 | D:1      | Reached XP level 2. HP: 18/18 MP: 5/5
   760 | D:1      | Reached XP level 3. HP: 23/23 MP: 6/6
  1574 | D:2      | Reached XP level 4. HP: 20/28 MP: 7/7
  2145 | D:3      | Found a blossoming altar of Fedhas.
  2412 | D:3      | Killed from afar by an orc wizard

Vault maps used:
D:1:      dpeg_arrival_refuge
D:2:      first_bread
D:3:      nicolae_overflow_hidden_temple

Skill      XL: |  1  2  3  4 |
---------------+-------------+-----
Transmutations | 3 |  3.0
Fighting       | |  1.7
Dodging        | |  2.4
Unarmed Combat | |  3.8
Spellcasting   | |  2.4

Action                   |  1- 3 |  4- 6 || total
-------------------------+-------+-------++-------
Melee: Unarmed           |    82 |    35 ||   117
       Tentacles         |    15 |     4 ||    19
       Constrict         |    20 |     7 ||    27
       Kick              |     2 |     2 ||     4
       Punch             |     2 |       ||     2
 Cast: Beastly Appendage |     3 |     3 ||     6
 Stab: Sleeping          |     7 |     1 ||     8
  Eat: Chunk             |     2 |     1 ||     3
Armor: Skin              |     3 |     2 ||     5
Dodge: Dodged            |    42 |    15 ||    57

Table legend:
 A = Spawn XP
 B = Non-spawn XP
 C = Spawn XP percentage of total XP
 D = Spawn monster count
 E = Non-spawn monster count
 F = Spawn count percentage of total count
 G = Total turns spent on level
                    A         B        C        D         E        F      G
               +---------+---------+-------+---------+---------+-------+---------
         Total |       0 |     141 |   0.0 |       0 |      45 |   0.0 |  2412
               +---------+---------+-------+---------+---------+-------+---------
           D:1 |       0 |      40 |   0.0 |       0 |      23 |   0.0 |  1022
           D:2 |       0 |      54 |   0.0 |       0 |      17 |   0.0 |  1032
           D:3 |       0 |      47 |   0.0 |       0 |       5 |   0.0 |   358
               +---------+---------+-------+---------+---------+-------+---------
